 Dungeon Crawl Stone Soup version bcrawl-1.17.3 (webtiles) character file.

Game seed: 11930703054395040803

12414 Amon the Thaumaturge (level 11, -13/77 HPs)
             Began as a Fairy Wizard on Oct 10, 2019.
             Was a Priest of Vehumet.
             Mangled by a sun demon (14 damage)
             ... summoned by a kobold demonologist
             ... on level 10 of the Dungeon on Oct 23, 2019.
             The game lasted 01:08:10 (9521 turns).

Amon the Thaumaturge (Fairy Wizard)                 Turns: 9521, Time: 01:08:10

Health: -13/77     AC: 13    Str:  5    XL:     11   Next: 93%
Magic:  19/28      EV: 27    Int: 30    God:    Vehumet [***...]
Gold:   761        SH: 15    Dex: 12    Spells: 17/33 levels left

rFire    . . .     SeeInvis .   E - +3 rapier of the Assorted Lovers {pierce, Int+6}
rCold    . . .     Gourm    .   I - +1 shield
rNeg     . . .     Faith    .   (armour unavailable)
rPois    .         Spirit   .   o - +0 helmet
rElec    .         Reflect  .   F - +0 cloak
rCorr    .         Harm     .   y - +2 pair of gloves
MR       ++...                  (no boots)
Stlth    +.........             n - amulet of regeneration
HPRegen  1.02/turn              e - ring of protection from magic
MPRegen  0.21/turn              i - +6 ring of evasion

@: flying evasively, very slightly contaminated
A: small, magic attunement, unstealthy, unfitting armour, yellow scales 1,
blink, regeneration 1, able to fly, AC/SH +6
a: Stop Flying, Blink, Renounce Religion


You were on level 10 of the Dungeon.
You worshipped Vehumet.
Vehumet was most pleased with you.
You were not hungry.

You visited 2 branches of the dungeon, and saw 11 of its levels.
You also visited: Ossuary.

You collected 794 gold pieces.
You spent 33 gold pieces at shops.

Inventory:

Hand Weapons
 C - the +7 mace "Qith" {crush, rC+}
   (You found it on level 6 of the Dungeon)

   It inflicts extra damage upon your enemies.
   It protects you from cold.
 E - the +3 rapier of the Assorted Lovers (weapon) {pierce, Int+6}
   (You found it on level 8 of the Dungeon)

   It inflicts extra damage upon your enemies.
   It affects your intelligence (+6).
Armour
 o - a +0 helmet (worn)
 y - a +2 pair of gloves (worn)
 F - a +0 cloak (worn)
 I - a +1 shield (worn)
Jewellery
 b - an uncursed ring of see invisible
 e - a ring of protection from magic (left hand)
 i - a +6 ring of evasion (right hand)
 n - an amulet of regeneration (around neck)
 B - an uncursed ring of positive energy
Wands
 a - a wand of scattershot (5)
 q - a wand of iceblast (5)
 r - a wand of flame (32)
 s - a wand of polymorph (13)
Scrolls
 g - 6 scrolls of remove curse
 h - 5 scrolls of magic mapping
 j - 10 scrolls of teleportation
 k - a scroll of vulnerability
 l - 3 scrolls of amnesia
 t - 2 scrolls of enchant weapon
 w - a scroll of enchant armour
 G - a scroll of fear
Potions
 c - 4 potions of curing
 f - 4 potions of heal wounds
 m - 3 potions of ambrosia
 p - 3 potions of agility
 u - a potion of haste {unknown}
 v - 4 potions of cancellation
 x - a potion of brilliance
 z - a potion of invisibility
 A - a potion of mutation
Miscellaneous
 D - a lamp of fire
Comestibles
 d - 16 rations {!d}


   Skills:
 * Level 8.0 Fighting
 * Level 10.9 Dodging
 + Level 2.5 Stealth
 + Level 3.3 Shields
 + Level 11.9 Spellcasting
 + Level 10.3 Conjurations
   Level 1.1 Summonings
 + Level 2.0 Translocations
 + Level 1.0 Fire Magic
 + Level 1.1 Ice Magic
 + Level 3.1 Air Magic
 + Level 3.9 Poison Magic
 + Level 0.8 Evocations


You had 17 spell levels left.
You knew the following spells:

 Your Spells              Type           Power        Failure   Level  Hunger
a - Magic Dart            Conj           ####         1%          1    None
b - Blink                 Tloc           N/A          10%         2    None
c - Conjure Flame         Conj/Fire      ######..     1%          3    None
d - Mephitic Cloud        Conj/Pois/Air  ######..     1%          3    None
e - Sting                 Conj/Pois      ####         1%          1    None
f - Throw Frost           Conj/Ice       ######       1%          2    None
g - Airstrike             Air            #####.....   11%         4    None

Your spell library contained the following spells:

 Spells                   Type           Power        Failure   Level  Hunger
 Inner Flame              Hex/Fire       N/A          10%         3    None
 Call Imp                 Summ           ###.....     14%         2    None
 Corona                   Hex            ###....      16%         1    None
 Slow                     Hex            ###.....     16%         1    None
 Shackle                  Hex            ###.....     22%         2    None
 False Image              Hex/Summ       ###.....     34%         3    None
 Yara's Violent Unravell  Hex/Tmut       ###.......   36%         4    None
 Cause Fear               Hex            ###.......   83%         4    None


Dungeon Overview and Level Annotations

Branches:
Dungeon (10/12)            Temple (1/1) D:5            Lair (0/6) D:7
    Orc (0/1) D:9

Altars:
Ashenzari
Cheibriados
Dithmenos
Elyvilon
Fedhas
Gozag
Hepliaklqana
Kikubaaqudgha
Lugonu
Makhleb
Nemelex Xobeh
Okawaru
Qazlal
Ru
Sif Muna
Trog
Uskayaw
Vehumet
Wu Jian
Xom
Yredelemnul
Zin
The Shining One

Shops:
D:4 ?

Annotations:
D:6 2 transporters, pheathergobbo575's ghost, novice FrCj
D:7 1 runed translucent door, petermcneter's ghost, novice SDSA


Innate Abilities, Weirdness & Mutations

Your spells do not cause hunger and MP costs are reduced by 1.
Your bright wings attract enemies. (Stealth-)
You cannot fit into any form of body armour.
Your shimmering scales are hard and can block incoming attacks. (AC +6, SH +6)
You are small and have problems with some larger weapons.
You can fly continuously.
You are partially covered in yellow scales. (AC +2)
You can translocate small distances at will.
Your natural rate of healing is unusually fast.


Message History

* * * LOW HITPOINT WARNING * * *
The slime creature barely misses you. The sun demon misses you.
The slime creature is engulfed in blazing flames.
You kill the slime creature!
Vehumet accepts your kill.
You feel your power returning.
Your Fighting skill increases to level 8!
Casting: Magic Dart (safe; 1% risk of failure)
Confirm with . or Enter, or press ? or * to list all spells.
You blink.
You block the sun demon's attack.
Casting: Blink (safe; 10% risk of failure)
Confirm with . or Enter, or press ? or * to list all spells.
You blink.
The slime creature is engulfed in blazing flames.
Casting: Blink (safe; 10% risk of failure)
Confirm with . or Enter, or press ? or * to list all spells.
You blink.
The sun demon hits you!
* * * LOW HITPOINT WARNING * * *
You are engulfed in flames!
You die...

##############
#............#
##.#########'##
#.# #§u....#
#.# #§J3§..#
#.# #.@.)..##
#.# #####.K.#
#.# #../# #.#
#...# #.# #.###
#.# #.# #. #.#
#.# ###.####
#.# #.#
#....... #.#
#.# #.#..###


You could see a purple ugly thing, a slime creature, a sun demon and a kobold
demonologist (confused).

Vanquished Creatures
  Harold (D:8)
  A hydra (shapeshifter) (D:10)
  A centaur warrior (D:9)
  3 skeletal warriors (D:9)
  A cyclops (D:9)
  A cane toad (shapeshifter) (D:9)
  A hornet (D:9)
  A troll (D:8)
  2 slime creatures (D:10)
  A vampire (D:9)
  Sigmund (D:2)
  3 yaks (D:9)
  3 basilisks
  A hog (D:9)
  Menkaure (D:6)
  3 hungry ghosts
  A water moccasin (D:10)
  3 porcupines (D:7)
  A hornet zombie (D:10)
  3 ice beasts
  3 sky beasts
  A black bear (D:7)
  4 orc warriors
  A phantom (D:7)
  4 wolves (D:7)
  2 ogres
  2 centaurs
  A crocodile (D:7)
  4 big kobolds
  4 bullfrogs
  2 elf zombies (Ossuary)
  A wyvern zombie (D:7)
  A scorpion (D:8)
  8 killer bees (D:10)
  6 howler monkeys
  4 wights (D:9)
  9 crimson imps
  2 bullfrog zombies
  2 centaur zombies (Ossuary)
  A human zombie (Ossuary)
  A jelly (D:7)
  9 orc wizards
  4 orc priests
  4 hounds
  A bullfrog skeleton (D:5)
  An iguana (D:8)
  Natasha (twice) (D:4)
  10 worker ants
  A killer bee zombie (D:7)
  2 big kobold zombies (Ossuary)
  A hound skeleton (D:5)
  2 mummies (Ossuary)
  Robin (D:2)
  8 adders
  2 shadow imps
  An ooze (D:3)
  An adder skeleton (D:4)
  3 worms
  5 dart slugs
  8 leopard geckos
  36 orcs
  3 bats
  2 giant cockroaches (D:1)
  7 goblins
  8 hobgoblins
  9 jackals
  23 kobolds
  3 quokkas
  4 frilled lizards
  4 goblin zombies (Ossuary)
  5 hobgoblin zombies (Ossuary)
  A jackal zombie (D:5)
  10 kobold zombies (Ossuary)
  A leopard gecko zombie (D:3)
  10 orc zombies (Ossuary)
  8 rats
  A rat zombie (Ossuary)
297 creatures vanquished.

Vanquished Creatures (collateral kills)
  2 killer bees (D:10)
2 creatures vanquished.

Vanquished Creatures (others)
  An ogre (D:9)
  A killer bee (D:10)
  A bush (D:7)
  A fungus (D:7)
  5 plants (D:7)
9 creatures vanquished.

Grand Total: 308 creatures vanquished

Notes
Turn   | Place    | Note
-------+----------+-------------------------------------------
     0 | D:1      | Amon the Fairy Wizard began the quest for the Orb.
     0 | D:1      | Reached XP level 1. HP: 11/11 MP: 7/7
    88 | D:1      | Reached XP level 2. HP: 16/17 MP: 9/9
   375 | D:1      | Reached XP level 3. HP: 22/22 MP: 11/11
   479 | D:1      | Learned a level 2 spell: Blink
   483 | D:1      | Learned a level 3 spell: Conjure Flame
   487 | D:1      | Learned a level 3 spell: Mephitic Cloud
   569 | D:1      | Reached skill level 1 in Fighting
  1095 | D:2      | Reached XP level 4. HP: 28/28 MP: 12/12
  1096 | D:2      | Noticed Robin
  1141 | D:2      | Killed Robin
  1141 | D:2      | Reached skill level 5 in Spellcasting
  1345 | D:2      | Reached XP level 5. HP: 33/33 MP: 8/14
  1648 | D:2      | Noticed Sigmund
  1663 | D:2      | Killed Sigmund
  1663 | D:2      | Reached skill level 6 in Spellcasting
  1663 | D:2      | Reached skill level 1 in Air Magic
  1663 | D:2      | Reached skill level 1 in Poison Magic
  1663 | D:2      | Reached XP level 6. HP: 39/39 MP: 13/17
  2495 | D:4      | Found a sand-covered staircase.
  2518 | Ossuary  | Entered an ossuary
  2628 | Ossuary  | Reached XP level 7. HP: 43/45 MP: 18/18
  2713 | Ossuary  | Reached skill level 5 in Dodging
  2732 | Ossuary  | Reached skill level 7 in Spellcasting
  3075 | D:4      | Found Rieweet's Magic Scroll Shop.
  3082 | D:4      | Bought a scroll of teleportation for 33 gold pieces
  3156 | D:4      | Reached skill level 5 in Conjurations
  3156 | D:4      | Reached XP level 8. HP: 52/52 MP: 15/21
  3462 | D:4      | Noticed Natasha
  3469 | D:4      | Killed Natasha
  3527 | D:4      | Noticed Natasha
  3533 | D:4      | Killed Natasha
  3560 | D:5      | Entered Level 5 of the Dungeon
  3649 | D:5      | Found a staircase to the Ecumenical Temple.
  3656 | Temple   | Entered the Ecumenical Temple
  3864 | Temple   | Became a worshipper of Vehumet
  4113 | D:5      | Found an opulent altar of Gozag.
  4281 | D:5      | Reached skill level 8 in Spellcasting
  4327 | D:5      | Found a hide-covered altar of Uskayaw.
  4562 | D:6      | Found a transporter.
  4562 | D:6      | Found a transporter.
  4569 | D:6      | Noticed pheathergobbo575's ghost (novice FrCj)
  4569 | D:6      | Noticed a hornet
  4781 | D:6      | Reached * piety under Vehumet
  4781 | D:6      | Offered knowledge of Sandblast by Vehumet.
  4980 | D:6      | Got a dazzling mace
  4981 | D:6      | Identified the +7 mace "Qith" {crush, rC+} (You found it on
                  | level 6 of the Dungeon)
  5045 | D:6      | Reached XP level 9. HP: 59/59 MP: 23/23
  5200 | D:7      | Noticed Menkaure
  5224 | D:6      | Killed Menkaure
  5487 | D:7      | Found a runed translucent door.
  5487 | D:7      | Noticed a cyan ugly thing
  5487 | D:7      | Noticed petermcneter's ghost (novice SDSA)
  5563 | D:7      | Reached skill level 5 in Fighting
  5563 | D:7      | Reached skill level 9 in Spellcasting
  5848 | D:7      | Found a staircase to the Lair.
  5872 | D:7      | Reached XP level 10. HP: 66/66 MP: 25/25
  6373 | D:8      | Reached ** piety under Vehumet
  6373 | D:8      | Offered knowledge of Sting by Vehumet.
  6376 | D:8      | Learned a level 1 spell: Sting
  6376 | D:8      | Got a scorched rapier
  6377 | D:8      | Identified the +3 rapier of the Assorted Lovers {pierce,
                  | Int+6} (You found it on level 8 of the Dungeon)
  6839 | D:8      | Reached skill level 10 in Spellcasting
  6845 | D:8      | Noticed Harold
  6884 | D:8      | Killed Harold
  6987 | D:8      | Gained mutation: You can translocate small distances at
                  | will. [potion of mutation]
  6987 | D:8      | Gained mutation: Your natural rate of healing is unusually
                  | fast. [potion of mutation]
  6987 | D:8      | Gained mutation: You are partially covered in yellow
                  | scales. (AC +2) [potion of mutation]
  6999 | D:8      | Offered knowledge of Throw Frost by Vehumet.
  7003 | D:8      | Learned a level 2 spell: Throw Frost
  7358 | D:9      | Upgraded the game from bcrawl-1.15.1-4-g77d781cab4 to
                  | bcrawl-1.17.1
  7574 | D:9      | Reached skill level 1 in Shields
  7656 | D:9      | Noticed a skeletal warrior
  7656 | D:9      | Noticed a skeletal warrior
  7656 | D:9      | Noticed a skeletal warrior
  7796 | D:9      | Killed a skeletal warrior
  7796 | D:9      | Reached skill level 10 in Dodging
  7796 | D:9      | Reached XP level 11. HP: 74/74 MP: 25/27
  7838 | D:9      | Killed a skeletal warrior
  7949 | D:9      | Killed a skeletal warrior
  7949 | D:9      | Reached *** piety under Vehumet
  7949 | D:9      | Reached skill level 11 in Spellcasting
  7950 | D:9      | Upgraded the game from bcrawl-1.17.1 to bcrawl-1.17.3
  8033 | D:9      | Noticed a cyclops
  8044 | D:9      | Killed a cyclops
  8138 | D:9      | Found a staircase to the Orcish Mines.
  8268 | D:9      | Noticed a centaur warrior
  8297 | D:9      | Killed a centaur warrior
  8297 | D:9      | Reached skill level 10 in Conjurations
  8297 | D:9      | Reached skill level 1 in Fire Magic
  8392 | D:9      | Found a blossoming altar of Fedhas.
  8749 | D:9      | Reached skill level 1 in Ice Magic
  8817 | D:10     | Entered Level 10 of the Dungeon
  8891 | D:10     | Offered knowledge of Airstrike by Vehumet.
  8904 | D:10     | Learned a level 4 spell: Airstrike
  9269 | D:10     | Noticed a spark wasp
  9277 | D:10     | Noticed an ice dragon
  9277 | D:10     | a spark wasp changed into an ice dragon
  9295 | D:10     | Noticed a four-headed hydra
  9295 | D:10     | an ice dragon changed into a four-headed hydra
  9300 | D:10     | Killed a four-headed hydra
  9491 | D:10     | Noticed a purple ugly thing
  9502 | D:10     | Noticed a sun demon
  9521 | D:10     | HP: 1/77 [sun demon[a kobold demonologist] (11)]
  9521 | D:10     | Mangled by a sun demon

Skill      XL: |  1  2  3  4  5  6  7  8  9 10 11 |
---------------+----------------------------------+-----
Dodging        | 3 4 5 6 8 10 | 10.9
Fighting       | 1 2 3 4 5 6 8 |  8.0
Conjurations   | 2 3 4 5 6 8 9 10 | 10.3
Spellcasting   | 5 6 7 8 9 10 11 | 11.9
Air Magic      | 1 2 3 |  3.1
Poison Magic   | 1 3 |  3.9
Stealth        | 2 |  2.5
Shields        | 2 3 |  3.3
Translocations | 2 |  2.0
Fire Magic     | 1 |  1.0
Ice Magic      | 1 |  1.1
Summonings     | |  1.1
Evocations     | |  0.8

Action                   |  1- 3 |  4- 6 |  7- 9 | 10-12 || total
-------------------------+-------+-------+-------+-------++-------
Melee: Rapier            |       |       |       |     1 ||     1
 Cast: Magic Dart        |   117 |   213 |   474 |   488 ||  1292
       Mephitic Cloud    |     1 |    12 |    20 |    37 ||    70
       Conjure Flame     |       |     2 |     3 |    18 ||    23
       Blink             |       |     1 |       |    23 ||    24
       Sting             |       |       |       |   236 ||   236
       Throw Frost       |       |       |       |    47 ||    47
       Airstrike         |       |       |       |    13 ||    13
Evoke: Wand              |       |       |       |    14 ||    14
  Use: Scroll            |       |     2 |       |    17 ||    19
       Potion            |       |       |       |     2 ||     2
  Eat: Chunk             |       |     3 |     6 |     7 ||    16
       Ration            |       |     1 |     1 |     1 ||     3
Armor: Skin              |     2 |     9 |    27 |    41 ||    79
Dodge: Dodged            |    40 |    61 |   260 |   283 ||   644
Block: Other             |     9 |    11 |    56 |    47 ||   123
       Shield            |       |       |       |   284 ||   284
